 Dungeon Crawl Stone Soup version 0.30.0-5-g1a98f26d00 (webtiles) character file.

Game seed: 16348717365807382530

1142 H0rd4k the Cudgeller (level 8, -1/60 HPs)
             Began as a Human Artificer on May 9, 2023.
             Was an Initiate of Gozag.
             Slain by a black bear (5 damage)
             ... on level 6 of the Dungeon.
             The game lasted 00:08:17 (6096 turns).

H0rd4k the Cudgeller (Human Artificer)              Turns: 6096, Time: 00:08:18

Health: -1/60      AC:  3    Str: 12    XL:     8   Next: 64%
Magic:  8/8        EV: 13    Int: 13    God:    Gozag
Gold:   256        SH:  5    Dex: 15    Spells: 7/7 levels left

rFire   . . .        v - +0 flail
rCold   . . .        (no shield)
rNeg    . . .        b - +0 leather armour
rPois   .            (no helmet)
rElec   .            (no cloak)
rCorr   .            (no gloves)
SInv    .            (no boots)
Will    ++...        a - amulet of reflection
Stlth   ++           g - ring of willpower
HPRegen 0.30/turn    o - ring of willpower
MPRegen 0.11/turn

%: reflection
@: no status effects
A: no striking features
a: Renounce Religion, Potion Petition, Call Merchant, Bribe Branch


You were on level 6 of the Dungeon.
You worshipped Gozag.
Gozag was aware of your devotion.
You visited 2 branches of the dungeon, and saw 7 of its levels.

You collected 307 gold pieces.
You paid 51 gold pieces to Gozag.

Inventory:

Hand Weapons
 v - a +0 flail (weapon)
 z - a +2 heavy hand axe
Missiles
 u - a throwing net (quivered)
Armour
 b - a +0 leather armour (worn)
Jewellery
 a - an amulet of reflection (around neck)
 g - a ring of willpower (left hand)
 h - a ring of fire
 o - a ring of willpower (right hand)
 x - an amulet of the acrobat
Wands
 d - a wand of charming (6)
Scrolls
 c - a scroll of torment {unknown}
 f - a scroll of noise {unknown}
 j - a scroll of fear {unknown}
 l - a scroll of teleportation {unknown}
 m - 3 scrolls of vulnerability {unknown}
 n - 2 scrolls of fog
 q - a scroll of acquirement {unknown}
 s - a scroll of magic mapping {unknown}
 y - a scroll of identify
 A - a scroll of amnesia {unknown}
 B - a scroll of blinking {unknown}
 D - a scroll of enchant armour {unknown}
Potions
 e - a potion of degeneration {unknown}
 i - 2 potions of attraction
 k - 5 potions of lignification
 p - 2 potions of mutation {unknown}
 r - a potion of resistance {unknown}
 t - a potion of heal wounds {unknown}
 w - a potion of cancellation {unknown}
 C - a potion of ambrosia {unknown}


   Skills:
 + Level 4.1 Fighting
 + Level 5.4 Maces & Flails
 - Level 2.0 Armour
 + Level 4.5 Dodging
 + Level 2.9 Stealth
 + Level 1.6 Shields
 + Level 4.5 Evocations


You had 7 spell levels left.
You didn't know any spells.
Your spell library contained the following spells:

 Spells                   Type           Power      Damage    Failure   Level
 Apportation              Tloc           0%         N/A       36%         1
 Necrotise                Necr           0%         1d4       36%         1
 Summon Small Mammal      Summ           0%         N/A       36%         1


Dungeon Overview and Level Annotations

Branches:
Dungeon (6/15)             Temple (1/1) D:5

Altars:
Ashenzari
Cheibriados
Dithmenos
Fedhas
Gozag
Hepliaklqana
Kikubaaqudgha
Makhleb
Nemelex Xobeh
Okawaru
Qazlal
Ru
Sif Muna
Wu Jian
Xom
Yredelemnul
The Shining One

Annotations:
D:3 exclusion: 2 downstairs
D:4 exclusion: 2 downstairs
D:6 Eustachio


Message History

The black bear is moderately wounded.
The black bear misses you. The black bear claws you. The black bear misses you.
You hit the black bear but do no damage.
The black bear is moderately wounded.
The black bear barely misses you. The black bear claws you.
You block the black bear's attack.
You hit the black bear.
The black bear is heavily wounded.
You block the black bear's attack.
The black bear claws you but does no damage.
The black bear closely misses you.
You hit the black bear.
The black bear is severely wounded.
The black bear bites you.
The black bear claws you but does no damage.
You block the black bear's attack.
You barely miss the black bear.
The black bear is severely wounded.
The black bear bites you.
* * * LOW HITPOINT WARNING * * *
You block the black bear's attack. The black bear closely misses you.
You closely miss the black bear.
The black bear is severely wounded.
The black bear bites you.
* * * LOW HITPOINT WARNING * * *
The black bear barely misses you. You block the black bear's attack.
The black bear bites you.
* * * LOW HITPOINT WARNING * * *
The black bear misses you. The black bear claws you.
* * * LOW HITPOINT WARNING * * *
You sock the black bear!
The black bear is almost dead.
The black bear goes berserk!
You hit the black bear.
The black bear is almost dead.
The black bear bites you.
* * * LOW HITPOINT WARNING * * *
The black bear closely misses you. The black bear claws you.
You die...
Your body crumbles into a pile of gold.

#.###.#.............#
#<#.#...#.#.##....#
#.#.#...........#.##
#.#.#....##.........
#.......)....#..#.##
######.#.#...##.#..#.#
#....#.#........#(.#.#
#....#.#.#.######..#.##
#....#@#.#.........#...
###....#h#.#########.#.#.
###......#5#...........#.#.
..'.......S#############.#.
###.....#### #.#.#.
.......#. #..... #####.# .#
#.#.#. #. .. #.#.#. #. .##
#.#.##


You could see a water moccasin, a black bear (berserk) and a white imp.

Vanquished Creatures
  6 ogres
  A phantom (D:4)
  2 scorpions (D:6)
  2 howler monkeys
  2 hounds (D:4)
  An orc priest (D:5)
  2 orc wizards
  8 gnolls
  3 adders
  A worm (D:4)
  2 dart slugs (D:2)
  16 orcs
  7 bats
  6 endoplasms
  2 giant cockroaches (D:2)
  4 goblins
  10 hobgoblins
  5 kobolds
  4 quokkas
  7 ball pythons
  4 frilled lizards
  10 rats
105 creatures vanquished.

Vanquished Creatures (collateral kills)
  4 gnolls
  A kobold (D:4)
5 creatures vanquished.

Vanquished Creatures (others)
  An iguana (D:4)
  4 gnolls
5 creatures vanquished.

Grand Total: 115 creatures vanquished

Notes
Turn   | Place    | Note
-------+----------+-------------------------------------------
     0 | D:1      | H0rd4k the Human Artificer began the quest for the Orb.
     0 | D:1      | Reached XP level 1. HP: 15/15 MP: 1/1
   203 | D:1      | Reached XP level 2. HP: 7/21 MP: 2/2
   632 | D:1      | Reached XP level 3. HP: 16/26 MP: 3/3
  1124 | D:2      | Reached skill level 1 in Maces & Flails
  1136 | D:2      | Reached XP level 4. HP: 6/32 MP: 4/4
  1860 | D:3      | Reached XP level 5. HP: 38/38 MP: 5/5
  1934 | D:3      | Reached skill level 2 in Maces & Flails
  2420 | D:4      | Noticed an ogre
  2423 | D:4      | Killed an ogre
  2424 | D:4      | Reached skill level 3 in Maces & Flails
  2424 | D:4      | Reached XP level 6. HP: 44/44 MP: 6/6
  2884 | D:4      | Noticed an ogre
  3053 | D:4      | Reached XP level 7. HP: 39/51 MP: 7/7
  3265 | D:5      | Entered Level 5 of the Dungeon
  3294 | D:4      | HP: 2/51 [gnoll/+0 halberd (8)]
  3894 | D:4      | Reached skill level 1 in Shields
  3950 | D:5      | Reached skill level 4 in Maces & Flails
  4522 | D:4      | Reached XP level 8. HP: 29/59 MP: 8/8
  4525 | D:5      | Noticed a wyvern
  4744 | D:5      | Found a staircase to the Ecumenical Temple.
  4751 | Temple   | Entered the Ecumenical Temple
  4828 | Temple   | Became a worshipper of Gozag Ym Sagoz the Greedy
  5009 | D:5      | Found an iron altar of Okawaru.
  5202 | D:6      | Found a stormy altar of Qazlal.
  5228 | D:6      | Reached skill level 5 in Maces & Flails
  5312 | D:6      | Noticed Eustachio
  6096 | D:6      | Slain by a black bear

Illustrated notes

Levels and vault maps discovered:
D:1:      amcnicky_arrival_feature_with_door, layout_rooms
D:2:      layout_basic
D:3:      layout_basic, minmay_misc_feat_square
D:4:      layout_rooms
D:5:      layout_cave_pools, okawaru_altar_gauntlet_db,
          minmay_temple_entry_overgrown, kennysheep_generic_room_2
D:6:      layout_basic, kennysheep_mini, uniq_eustachio
Temple:   minmay_crystal_spiral_temple

Skill      XL: |  1  2  3  4  5  6  7  8 |
---------------+-------------------------+-----
Maces & Flails | 1 3 4 5 |  5.4
Evocations     | 4 |  4.5
Dodging        | 2 3 4 |  4.5
Fighting       | 2 3 4 |  4.1
Stealth        | 2 |  2.9
Shields        | 1 |  1.6
Armour         | |  2.0

Action                     |  1- 3 |  4- 6 |  7- 9 || total
---------------------------+-------+-------+-------++-------
  Melee: Club              |   134 |    93 |       ||   227
         Punch             |       |     2 |     4 ||     6
         Flail             |       |    57 |   200 ||   257
  Throw: Throwing net      |       |       |     2 ||     2
  Evoke: Wand              |     8 |    19 |     2 ||    29
    Use: Scroll            |       |     3 |       ||     3
   Stab: Sleeping          |     2 |     4 |     2 ||     8
 Armour: Leather armour    |    41 |    47 |    29 ||   117
  Dodge: Dodged            |    94 |   100 |   119 ||   313
  Block: Other             |       |    16 |    57 ||    73
         Reflection        |       |     3 |     3 ||     6
